cohdb
Replays
Latest Replays
All Replays
Popular Replays
Top Player Replays
Match Explorer
How It Works
Community
CoH3 Stats
Reddit
Sign in to upload your games and track your stats! →
Sign in with Steam
Match 43045308
Unlisted
Match 43045308
Overview
Messages
Build Orders
End
Vickers Machine Gun Team
Construct Section Command Post
Infantry Section
Infantry Section
Grenade Package
Infantry Section
Construct Platoon Command Post
Selects Heavy Armor Battlegroup
Selects Rigorous Vehicle Training
Selects Forward Repair Assembly
Unlock M3 Stuart Light Tanks
Royal Engineer Section
M3 Stuart Light Tank
Selects Light Vehicle Withdraw and Refit
M3 Stuart Light Tank
ßoo
Dylan Il Bellissimo Arrogante
Sajet
。。。
Worrom
党卫军老鼠连
0
0
Comments
sign in to comment!
No comments posted yet!